 Dungeon Crawl Stone Soup version 0.26.0-18-gc5c842f807 (webtiles) character file.

Game seed: 4210252428706975813

56 thiole the Sneak (level 3, 0/21 HPs)
             Began as an Octopode Hedge Wizard on Jan 22, 2021.
             Succumbed to an adder's poison
             ... on level 2 of the Dungeon.
             The game lasted 00:02:02 (1848 turns).

thiole the Sneak (Octopode Hedge Wizard)            Turns: 1848, Time: 00:02:03

Health: 0/21       AC:  1    Str:  9    XL:     3   Next: 97%
Magic:  7/7        EV: 13    Int: 17    God:
Gold:   65         SH:  0    Dex: 11    Spells: 7/8 levels left

rFire    + . .     SeeInvis .   a - +0 dagger
rCold    + . .     Faith    .   (no shield)
rNeg     . . .     Spirit   .   b - +0 hat
rPois    +         Reflect  .   (no amulet)
rElec    +         Harm     .   f - ring of wizardry
rCorr    +         Rampage  .   (no ring)
Will     .....                  (no ring)
Stlth    +++.......             (no ring)
HPRegen  0.07/turn              (no ring)
MPRegen  0.10/turn              (no ring)
                                (no ring)
                                (no ring)

@: lethally poisoned (0 -> -2), resistant
A: almost no armour, stealthy swim, amphibious, 8 rings, constrict 8, camouflage
1, gelatinous body 1
a: no special abilities


You were on level 2 of the Dungeon.
You visited 1 branch of the dungeon, and saw 2 of its levels.

You collected 65 gold pieces.

Inventory:

Hand Weapons
 a - a +0 dagger (weapon)
Armour
 b - a +0 hat (worn)
Jewellery
 f - a ring of wizardry (left tentacle)
Scrolls
 d - 2 scrolls of identify {unknown}
 e - a scroll of remove curse {unknown}
 g - 3 scrolls of teleportation {unknown}
 h - a scroll of immolation {unknown}
Potions
 c - a potion of brilliance
 i - a potion of haste


   Skills:
 - Level 2.0 Dodging
 + Level 3.5 Stealth
 + Level 3.4 Spellcasting
 - Level 2.0 Conjurations
 - Level 2.0 Summonings
 - Level 1.0 Translocations


You had 7 spell levels left.
You knew the following spells:

 Your Spells              Type           Power        Failure   Level
a - Magic Dart            Conj           36%          3%          1

Your spell library contained the following spells:

 Spells                   Type           Power        Failure   Level
 Call Imp                 Summ           9%           4%          2
 Blink                    Tloc           N/A          7%          2
 Slow                     Hex            2%           11%         2
 Conjure Flame            Conj/Fire      6%           13%         3
 Mephitic Cloud           Conj/Pois/Air  5%           16%         3


Dungeon Overview and Level Annotations

Branches:
Dungeon (2/15)

Altars:
Makhleb


Innate Abilities, Weirdness & Mutations

You cannot wear most types of armour.
You are very stealthy in the water. (Stealth+)
You are amphibious.
You can wear up to eight rings at the same time.
You can use your tentacles to constrict eight enemies at once.
Your skin changes colour to match your surroundings (Stealth+).
Your rubbery body absorbs attacks. (AC +1, EV +1)


Message History

You feel sick.
* * * LOW HITPOINT WARNING * * *
You feel sick.
* * * LOW HITPOINT WARNING * * *
You feel sick.
* * * LOW HITPOINT WARNING * * *
You feel sick.
* * * LOW HITPOINT WARNING * * *
You feel sick.
* * * LOW HITPOINT WARNING * * *
You feel sick.
* * * LOW HITPOINT WARNING * * *
You feel sick.
Found a moonstone ring.
* * * LOW HITPOINT WARNING * * *
You feel sick.
You see here a moonstone ring.
f - a moonstone ring
f - a ring of wizardry (left tentacle)
You die...

#.>........##.#
##.##########.#
#.# #........#
#.# #.########
#.# #.# ..# #.#
### #.# #.# #@#
#.# #.# ..# ###


There were no monsters in sight!

Vanquished Creatures
  3 adders (D:2)
  A worm (D:2)
  2 dart slugs (D:1)
  4 goblins (D:1)
  3 hobgoblins (D:1)
  5 kobolds
  2 frilled lizards (D:1)
  3 rats (D:1)
23 creatures vanquished.

Notes
Turn   | Place    | Note
-------+----------+-------------------------------------------
     0 | D:1      | thiole the Octopode Hedge Wizard began the quest for the
                  | Orb.
     0 | D:1      | Reached XP level 1. HP: 11/11 MP: 4/4
    10 | D:1      | Noticed an electric eel
    12 | D:1      | Noticed an electric eel
   272 | D:1      | Reached XP level 2. HP: 12/17 MP: 0/6
  1172 | D:2      | Reached XP level 3. HP: 19/21 MP: 1/7
  1462 | D:2      | Found a burning altar of Makhleb.
  1839 | D:2      | HP: 1/21 [poisoned by an adder]
  1848 | D:2      | Succumbed to an adder's poison

Illustrated notes

Levels and vault maps discovered:
D:1:      arrival_aquarium_b, layout_basic
D:2:      layout_basic, gammafunk_temple_overflow_arena, general_overflow_altar,
          uniq_crazy_yiuf_cottage

Skill      XL: |  1  2  3 |
---------------+----------+-----
Stealth        | 3 |  3.5
Conjurations   | 2 |  2.0
Summonings     | 2 |  2.0
Dodging        | |  2.0
Spellcasting   | |  3.4
Translocations | |  1.0

Action                   || total
-------------------------++-------
Melee: Dagger            ||    51
       Tentacles         ||     7
       Constrict         ||     9
 Cast: Magic Dart        ||    36
  Use: Potion            ||     3
 Stab: Distracted        ||     1
Armor: Skin              ||     2
Dodge: Dodged            ||    26
